 Dungeon Crawl Stone Soup version 0.21.1-1-g345015f (webtiles) character file.

74 tdicelander the Stinger (level 4, 0/24 HPs)
             Began as a Gargoyle Venom Mage on June 4, 2018.
             Slain by a jackal (3 damage)
             ... on level 2 of the Dungeon.
             The game lasted 00:09:04 (1321 turns).

tdicelander the Stinger (Gargoyle Venom Mage)       Turns: 1321, Time: 00:09:05

Health: 0/24       AC:  5    Str: 17    XL:     4   Next: 30%
Magic:  2/7        EV: 12    Int: 17    God:
Gold:   135        SH:  0    Dex: 10    Spells: 6/7 levels left

rFire    . . .     SeeInvis .   d - -1 club (curse)
rCold    + . .     Gourm    .   (no shield)
rNeg     + . .     Faith    .   a - +0 robe
rPois    ∞         Spirit   .   (no helmet)
rElec    +         Reflect  .   (no cloak)
rCorr    .         Harm     .   (no gloves)
MR       .....                  (no boots)
Stlth    ++........             (no amulet)
HPRegen  0.08/turn              f - ring of protection from cold
MPRegen  0.10/turn              m - +6 ring of strength

@: starving
A: negative energy resistance 1, electricity resistance, unbreathing,
petrification resistance, rot immunity, AC +3
a: no special abilities


You were on level 2 of the Dungeon.
You were starving.

You visited 1 branch of the dungeon, and saw 2 of its levels.

You collected 135 gold pieces.

Inventory:

Hand Weapons
 d - a cursed -1 club (weapon)
 e - a +0 dagger
Missiles
 g - 14 poisoned needles
 h - 12 stones (quivered)
 j - 19 sling bullets
Armour
 a - a +0 robe (worn)
 i - a +0 leather armour
 k - a +0 leather armour
Jewellery
 f - a ring of protection from cold (left hand)
 m - a +6 ring of strength (right hand)
Potions
 l - a potion of cancellation
 n - a potion of haste {unknown}
 o - a potion of curing {unknown}
Books
 b - a Young Poisoner's Handbook

   Spells                             Type                      Level
   a - Sting                          Conjuration/Poison           1
   b - Poisonous Vapours              Poison/Air                   2
   c - Mephitic Cloud                 Conjuration/Poison/Air       3
   d - Olgreb's Toxic Radiance        Poison                       4
   e - Venom Bolt                     Conjuration/Poison           5
Comestibles
 c - 4 rations


   Skills:
 + Level 0.4 Maces & Flails
 + Level 1.7 Dodging
 + Level 2.4 Stealth
 + Level 2.3 Spellcasting
 + Level 1.8 Conjurations
 + Level 4.2 Poison Magic


You had 6 spell levels left.
You knew the following spells:

 Your Spells              Type           Power        Failure   Level  Hunger
a - Sting                 Conj/Pois      ##..         5%          1    #......


Dungeon Overview and Level Annotations

Branches:
Dungeon (2/15)

Altars:

Annotations:
D:2 Sigmund


Innate Abilities, Weirdness & Mutations

You are resistant to torment.
Your stone body is resilient. (AC +3)
You are immune to poison.
You resist negative energy. (rN+)
You are resistant to electric shocks. (rElec)
You can survive without breathing.
You are immune to petrification.
You are immune to rotting.


Message History

The jackal barely misses you.
Throwing (i - inventory):
h - 13 stones (quivered)
Press: ? - help, Shift-Dir - straight line, f - jackal
Aim: a jackal You throw a stone.
The stone barely misses the jackal.
The jackal barely misses you. x2
Unknown command.
You barely miss the jackal. The jackal closely misses you.
You closely miss the jackal. The jackal barely misses you.
The jackal bites you but does no damage.
You barely miss the jackal. The jackal misses you. x2
You hit the jackal but do no damage. The jackal bites you.
* * * LOW HITPOINT WARNING * * *
The jackal closely misses you.
You closely miss the jackal. The jackal barely misses you.
The jackal bites you but does no damage.
You are starving!
You closely miss the jackal. The jackal misses you. The jackal bites you.
You die...

#...# ######################...#
.........................#
..###########.....###....# ..#
#.....# #....# ..# #.....# ##...#
..# #.....# #...#
..###########.....####...########
........(†..†((h@.'.....>........
#...#########.....#####..########
....'..# #.....# #.....# #
#...##.# #.....# #.....# #
#...##.# ###...# #.....# #
#...##.########...### #.....# #
#...##.....)......... #.....# #
#...##............... #.....#
#...##............... #.....#


You could see a jackal.

Vanquished Creatures
  A howler monkey (D:2)
  A leopard gecko (D:2)
  5 bats
  4 giant cockroaches
  7 goblins
  4 hobgoblins
  A jackal (D:2)
  3 kobolds
  A ball python (D:2)
  3 rats (D:1)
30 creatures vanquished.

Notes
Turn   | Place    | Note
-------+----------+-------------------------------------------
     0 | D:1      | tdicelander the Gargoyle Venom Mage began the quest for the Orb.
     0 | D:1      | Reached XP level 1. HP: 10/10 MP: 3/3
    13 | D:1      | Noticed an electric eel
   191 | D:1      | Reached XP level 2. HP: 7/15 MP: 1/5
   734 | D:1      | Reached XP level 3. HP: 19/19 MP: 3/6
   837 | D:2      | Noticed Sigmund
  1301 | D:2      | Reached skill level 4 in Poison Magic
  1301 | D:2      | Reached XP level 4. HP: 9/24 MP: 2/7
  1321 | D:2      | Slain by a jackal

Skill      XL: |  1  2  3 |
---------------+----------+-----
Poison Magic   | 4 |  4.2
Maces & Flails | |  0.4
Dodging        | |  1.7
Stealth        | |  2.4
Spellcasting   | |  2.3
Conjurations   | |  1.8

Action                   |  1- 3 |  4- 6 || total
-------------------------+-------+-------++-------
Melee: Club              |    52 |    13 ||    65
Throw: Stone             |     4 |     3 ||     7
 Cast: Sting             |    41 |     3 ||    44
  Use: Scroll            |     3 |       ||     3
Armor: Robe              |    24 |     6 ||    30
Dodge: Dodged            |    52 |    14 ||    66
